 Dungeon Crawl Stone Soup version 0.25.1-2-g60ff931 (console) character file.

Game seed: 7944150630197672786

429 Godmorgon the Sneak (level 6, -3/44 HPs)
             Began as a Vampire Enchanter on Sept 10, 2020.
             Slain by a phantom (6 damage)
             ... on level 5 of the Dungeon.
             The game lasted 00:14:27 (4280 turns).

Godmorgon the Sneak (Vampire Enchanter)             Turns: 4280, Time: 00:14:28

Health: -3/44      AC:  8    Str:  7    XL:     6   Next: 66%
Magic:  4/10       EV: 12    Int: 20    God:
Gold:   216        SH:  0    Dex: 14    Spells: 4/10 levels left

rFire    . . .     SeeInvis +   a - +1 dagger
rCold    . . .     Gourm    .   (no shield)
rNeg     . . .     Faith    .   b - +0 robe
rPois    .         Spirit   .   (no helmet)
rElec    .         Reflect  .   g - +0 cloak
rCorr    +         Harm     .   s - +0 pair of gloves
MR       .....                  (no boots)
Stlth    +++.......             (no amulet)
HPRegen  0.34/turn              A - ring of resist corrosion
MPRegen  0.12/turn              F - +4 ring of protection

@: confusing touch, regenerating quickly
A: no food, fangs 3, see invisible, unbreathing
a: Exsanguinate


You were on level 5 of the Dungeon.
You were alive.

You visited 1 branch of the dungeon, and saw 5 of its levels.

You collected 216 gold pieces.

Inventory:

Hand Weapons
 a - a +1 dagger (weapon)
Missiles
 e - 74 stones
 i - 13 poisoned darts
 j - 8 curare-tipped darts
 m - 3 boomerangs (quivered)
Armour
 b - a +0 robe (worn)
 g - a +0 cloak (worn)
 s - a +0 pair of gloves (worn)
Jewellery
 q - an uncursed amulet of guardian spirit
 A - a ring of resist corrosion (left hand)
 F - a +4 ring of protection (right hand)
Wands
 x - a wand of acid (3)
Scrolls
 h - 2 scrolls of enchant armour
 k - 2 scrolls of blinking
 l - 2 scrolls of remove curse
 n - a scroll of fear {unknown}
 o - 2 scrolls of teleportation
 t - a scroll of amnesia
 y - a scroll of magic mapping {unknown}
 B - a scroll of enchant weapon {unknown}
 G - a scroll of identify
Potions
 c - a potion of ambrosia
 d - 2 potions of stabbing
 f - 2 potions of heal wounds
 p - a potion of flight {unknown}
 r - a potion of mutation {unknown}
 u - a potion of might {unknown}
 v - a potion of invisibility {unknown}
 w - 3 potions of lignification
 z - a potion of haste {unknown}
 C - a potion of magic {unknown}
 D - a potion of curing {unknown}
 E - a potion of brilliance {unknown}


   Skills:
 + Level 2.0 Fighting
 - Level 1.1 Short Blades
 - Level 2.1 Dodging
 * Level 7.1 Stealth
 + Level 2.9 Spellcasting
 * Level 6.6 Hexes
 * Level 3.0 Ice Magic


You had 4 spell levels left.
You knew the following spells:

 Your Spells              Type           Power        Failure   Level  Hunger
c - Corona                Hex            ####...      1%          1    N/A
e - Ensorcelled Hibernat  Hex/Ice        ###...       3%          2    N/A
C - Confusing Touch       Hex            ####....     2%          3    N/A

Your spell library contained the following spells:

 Spells                   Type           Power        Failure   Level  Hunger
 Tukima's Dance           Hex            ####....     2%          3    N/A
 Dazzling Flash           Conj/Hex       ###...       11%         3    N/A

Dungeon Overview and Level Annotations

Branches:
Dungeon (5/15)
 Temple: D:4-7

Altars:
Cheibriados
Gozag
Yredelemnul
The Shining One


Innate Abilities, Weirdness & Mutations

You do not eat.
Your natural rate of healing is unusually fast.
You have razor-sharp teeth.
You have supernaturally acute eyesight. (SInv)
You can survive without breathing.


Message History

You hit the phantom but do no damage. Your bite misses the phantom.
The phantom is heavily damaged.
The orc closely misses you.
The phantom blinks!
The orc closely misses you.
You hit the phantom but do no damage.
The phantom is heavily damaged.
The orc hits you but does no damage.
The orc hits you from afar with a +0 trident!
You hit the phantom but do no damage.
The phantom is heavily damaged.
The phantom hits you.
The phantom blinks!
The orc hits you but does no damage. x2
The orc barely misses you. The phantom hits you!
* * * LOW HITPOINT WARNING * * *
You hit the phantom but do no damage. Your bite misses the phantom.
The phantom is heavily damaged.
The orc hits you from afar with a +0 trident!
* * * LOW HITPOINT WARNING * * *
The phantom hits you.
You die...

... #.......##
#'# ####.####
#.# #.## #[#
#..# ##.## ##.#
##...### #.#
#..o...# #.#
##o).#.# #.#
#@.##.#######.#
#W#...>.......#
.......#########
#########


You could see a phantom and 2 orcs.

Vanquished Creatures
  A hungry ghost (D:4)
  2 orc wizards
  A bullfrog skeleton (D:4)
  A worker ant (D:4)
  5 adders
  4 oozes
  An adder skeleton (D:4)
  4 dart slugs
  4 worms
  5 leopard geckos
  6 orcs
  7 bats
  7 giant cockroaches
  9 hobgoblins
  11 jackals
  A quokka (D:5)
  6 frilled lizards
  4 goblins
  A jackal skeleton (D:4)
  8 kobolds
  10 rats
98 creatures vanquished.

Notes
Turn   | Place    | Note
-------+----------+-------------------------------------------
     0 | D:1      | Godmorgon the Vampire Enchanter began the quest for the
                  | Orb.
     0 | D:1      | Reached XP level 1. HP: 13/13 MP: 3/3
    82 | D:1      | Reached XP level 2. HP: 7/19 MP: 3/5
   104 | D:1      | Learned a level 2 spell: Ensorcelled Hibernation
   315 | D:1      | Reached skill level 5 in Stealth
   513 | D:1      | Reached skill level 5 in Hexes
   573 | D:1      | Reached XP level 3. HP: 25/25 MP: 6/6
   578 | D:1      | Learned a level 3 spell: Confusing Touch
   730 | D:2      | Found a basalt altar of Yredelemnul.
   839 | D:2      | Reached skill level 1 in Ice Magic
  1045 | D:2      | Reached skill level 1 in Fighting
  1251 | D:2      | Reached XP level 4. HP: 11/32 MP: 4/7
  1364 | D:2      | Found an opulent altar of Gozag.
  1985 | D:3      | Found a glowing golden altar of the Shining One.
  2413 | D:3      | Found a faded altar of an unknown god.
  2609 | D:3      | Found a snail-covered altar of Cheibriados.
  2737 | D:3      | Reached skill level 6 in Stealth
  2993 | D:4      | Reached XP level 5. HP: 37/37 MP: 8/8
  3351 | D:4      | Noticed a hungry ghost
  3385 | D:4      | Killed a hungry ghost
  3385 | D:4      | Reached XP level 6. HP: 31/44 MP: 8/10
  3880 | D:4      | Reached skill level 7 in Stealth
  4188 | D:5      | Entered Level 5 of the Dungeon
  4280 | D:5      | Slain by a phantom

Illustrated notes

Levels and vault maps discovered:
D:1:      heliophobic_arrival_enchanted_forest, layout_basic,
          minmay_worlds_worst_comb
D:2:      layout_loops_corners, yredelemnul_altar_generic,
          nicolae_gozag_seed_capital, serial_forest, infiniplex_forest_end_2,
          infiniplex_forest_corner_2, infiniplex_forest_straight_2,
          infiniplex_forest_clump_cross, infiniplex_forest_straight_3,
          infiniplex_forest_lined_room_2, infiniplex_forest_diagonal,
          infiniplex_forest_lined_3
D:3:      layout_rooms, marbit_many_paths, nicolae_overflow_crystal_walls,
          chequers_ecumenical_altar_simple_redux
D:4:      kennysheep_six_static_rooms, layout_basic, first_ration,
          chequers_serial_rivers_large_a
D:5:      lemuel_upstairs_altar, layout_loops_corners, temple_green,
          serial_bayou_pond_e, trog_three_pillars_becter

Skill      XL: |  1  2  3  4  5  6 |
---------------+-------------------+-----
Stealth        | 5 6 7 |  7.1
Hexes          | 5 6 |  6.6
Ice Magic      | 1 2 3 |  3.0
Fighting       | 1 2 |  2.0
Short Blades   | |  1.1
Dodging        | |  2.1
Spellcasting   | |  2.9

Action                   |  1- 3 |  4- 6 || total
-------------------------+-------+-------++-------
Melee: Dagger            |   128 |   262 ||   390
       Bite              |     9 |    15 ||    24
Throw: Boomerang         |     2 |     5 ||     7
 Cast: Corona            |     5 |     1 ||     6
       Ensorcelled Hiber |    20 |    21 ||    41
       Confusing Touch   |       |     4 ||     4
  Use: Scroll            |       |     9 ||     9
 Stab: Sleeping          |    17 |    30 ||    47
       Confused          |       |     3 ||     3
Armor: Robe              |    31 |    66 ||    97
Dodge: Dodged            |    87 |   151 ||   238
